 Dungeon Crawl Stone Soup version 0.27-a0-457-gba82baf56e (webtiles) character file.

Game seed: 6117847528651606475

371508 Gaff the Acrobat (level 23, -4/158 HPs)
             Began as a Kobold Brigand on Feb 27, 2021.
             Was a Follower of Uskayaw.
             Slain by a white very ugly thing (20 damage)
             ... on level 4 of the Vaults on Feb 28, 2021.
             The game lasted 04:46:43 (49754 turns).

Gaff the Acrobat (Kobold Brigand)                  Turns: 49754, Time: 04:46:44

Health: -4/158     AC: 16    Str: 10    XL:     23   Next: 73%
Magic:  20/33      EV: 37    Int: 19    God:    Uskayaw [*.....]
Gold:   4090       SH: 16    Dex: 25    Spells: 25/28 levels left

rFire    + + +     SeeInvis .   Z - +5 rapier (elec)
rCold    . . .     Faith    .   j - +3 buckler {reflect}
rNeg     + . .     Spirit   .   W - +1 ring mail of the Northern Lights {+Fly rC+ Int+2}
rPois    +         Reflect  +   h - +0 helmet of the Good {Will++ Int+4}
rElec    +         Harm     .   x - +0 cloak of Hadjma {rN+ Regen+ Str+4 Int-5}
rCorr    .         Rampage  +   T - +0 pair of gloves of Picyexta {rPois Regen+ Str-3 Stlth+}
Will     +++..                  z - +2 pair of boots of Rehaw {Rampage rElec rC- Dex+3}
Stlth    ++++++++..             Q - amulet "Xezuh" {Reflect +Inv Int+3 Dex-3 SH+5}
HPRegen  2.36/turn              u - ring "Huhus" {rPois rF+}
MPRegen  0.23/turn              B - ring "Fikhor" {rF++ Int+2 Slay+4}

@: studying 2 skills
A: small, nightstalker 3
}: 2/15 runes: serpentine, barnacled
a: Renounce Religion, Evoke Invisibility, Evoke Flight, Stomp


You were on level 4 of the Vaults.
You worshipped Uskayaw.
Uskayaw was pleased with you.
You visited 9 branches of the dungeon, and saw 41 of its levels.
You also visited: Trove, Bailey and Gauntlet.

You collected 5202 gold pieces.
You spent 1112 gold pieces at shops.

Inventory:

Hand Weapons
 d - the +8 dagger of Keggethrahor {antimagic, rF+}
   (You found it on level 6 of the Lair of Beasts)

   It reduces the magical energy of the wielder, and disrupts the spells and
   magical abilities of those hit.
   Natural abilities and divine invocations are not affected.
   It protects you from fire.
 Z - a +5 rapier of electrocution (weapon)
Missiles
 e - 4 curare-tipped darts
 p - 9 throwing nets
 H - 3 boomerangs of dispersal
 O - 69 boomerangs (quivered)
 U - 20 poisoned darts
 Y - 8 atropa-tipped darts
Armour
 h - the +0 helmet of the Good (worn) {Will++ Int+4}
   (You found it in a treasure trove)

   It affects your intelligence (+4).
   It affects your willpower, your defense against some magical effects.
 j - a +3 buckler of reflection (worn)
 x - the +0 cloak of Hadjma (worn) {rN+ Regen+ Str+4 Int-5}
   (You found it in a Gauntlet)

   It affects your strength (+4).
   It affects your intelligence (-5).
   It protects you from negative energy.
   It increases your rate of regeneration.
 z - the +2 pair of boots of Rehaw (worn) {Rampage rElec rC- Dex+3}
   (You found it in a treasure trove)

   It affects your dexterity (+3).
   It makes you vulnerable to cold.
   It insulates you from electricity.
   It bestows one free step when moving towards enemies.
 A - the +4 skin of Zhor {Englaciate rC+++ SInv}
   (You found it in a Gauntlet)

   It renders you almost immune to cold.
   It lets you see invisible.
 I - the +2 ring mail "Tucuc" {-Tele rPois rF+ Will+}
   (You found it in a treasure trove)

   It protects you from fire.
   It protects you from poison.
   It affects your willpower, your defense against some magical effects.
   It prevents most forms of teleportation.
 L - a +4 ring mail of poison resistance
 R - the +2 cloak of the Thief {*Fog Slay-2 SInv Stlth+}
   (You found it in a treasure trove)

   It affects your accuracy and damage with ranged weapons and melee attacks
   (-2).
   It lets you see invisible.
   It makes you more stealthy.
 T - the +0 pair of gloves of Picyexta (worn) {rPois Regen+ Str-3 Stlth+}
   (You found it in a treasure trove)

   It affects your strength (-3).
   It protects you from poison.
   It increases your rate of regeneration.
   It makes you more stealthy.
 W - the +1 ring mail of the Northern Lights (worn) {+Fly rC+ Int+2}
   (You found it on level 4 of the Shoals)

   It affects your intelligence (+2).
   It protects you from cold.
   It lets you fly.
Jewellery
 c - the ring of Tiaseag {+Inv rElec rPois Str+6 Slay-6}
   (You acquired it on level 4 of the Lair of Beasts)

   [ring of strength]

   It affects your strength (+6).
   It affects your accuracy and damage with ranged weapons and melee attacks
   (-6).
   It insulates you from electricity.
   It protects you from poison.
   It lets you turn invisible.
 u - the ring "Huhus" (left hand) {rPois rF+}
   (You found it on level 2 of the Lair of Beasts)

   [ring of protection from fire]

   It protects you from fire.
   It protects you from poison.
 w - the amulet of the Median {Faith rF+ Will+ Str+2 Dex-2}
   (You found it on level 4 of the Vaults)

   [amulet of faith]

   It allows you to gain divine favour quickly.
   It affects your strength (+2).
   It affects your dexterity (-2).
   It protects you from fire.
   It affects your willpower, your defense against some magical effects.
 B - the ring "Fikhor" (right hand) {rF++ Int+2 Slay+4}
   (You found it on level 4 of the Dungeon)

   [ring of slaying]

   It affects your intelligence (+2).
   It affects your accuracy and damage with ranged weapons and melee attacks
   (+4).
   It greatly protects you from fire.
 M - an amulet of reflection
 Q - the amulet "Xezuh" (around neck) {Reflect +Inv Int+3 Dex-3 SH+5}
   (You found it on level 2 of the Vaults)

   [amulet of reflection]

   It shields you and reflects attacks.
   It affects your intelligence (+3).
   It affects your dexterity (-3).
   It lets you turn invisible.
   It affects your SH (+5).
Wands
 f - a wand of mindburst (9)
 n - a wand of paralysis (35)
 o - a wand of digging (9)
 v - a wand of random effects (30)
 D - a wand of acid (13)
 E - a wand of charming (9)
 P - a wand of iceblast (20)
 V - a wand of polymorph (25)
Scrolls
 a - 2 scrolls of fog
 g - a scroll of amnesia
 i - 5 scrolls of fear
 k - 6 scrolls of magic mapping
 s - a scroll of silence
 t - 10 scrolls of teleportation
 F - 6 scrolls of blinking
 G - 4 scrolls of identify
 K - a scroll of acquirement
 S - a scroll of brand weapon
Potions
 b - a potion of resistance
 l - 20 potions of curing
 m - 2 potions of invisibility
 q - 5 potions of haste
 r - 3 potions of cancellation
 y - 6 potions of berserk rage
 C - a potion of magic
 X - 9 potions of heal wounds
Miscellaneous
 J - a condenser vane
 N - a lightning rod (4/4)


   Skills:
 + Level 20.4 Fighting
 - Level 14.2 Short Blades
 + Level 13.2 Throwing
 + Level 10.0 Armour
 + Level 23.0 Dodging
 + Level 17.0 Stealth
 - Level 5.6 Shields
 + Level 3.1 Spellcasting
 + Level 3.2 Hexes
 + Level 14.5 Invocations
 - Level 6.0 Evocations


You had 25 spell levels left.
You knew the following spells:

 Your Spells              Type           Power        Failure   Level
a - Confusing Touch       Hex            15%          26%         3

Your spell library contained the following spells:

 Spells                   Type           Power        Failure   Level
 Corona                   Hex            16%          9%          1
 Slow                     Hex            15%          13%         2
 Tukima's Dance           Hex            15%          26%         3
 Animate Skeleton         Necr           4%           32%         1
 Apportation              Tloc           4%           32%         1
 Beastly Appendage        Tmut           4%           32%         1
 Magic Dart               Conj           8%           32%         1
 Pain                     Necr           8%           32%         1
 Sting                    Tmut/Pois      8%           32%         1
 Summon Small Mammal      Summ           8%           32%         1
 Blink                    Tloc           N/A          43%         2
 Call Imp                 Summ           2%           43%         2
 Corpse Rot               Necr/Air       N/A          43%         2
 Passwall                 Tmut/Erth      1%           43%         2
 Poisonous Vapours        Pois/Air       4%           43%         2
 Sublimation of Blood     Necr           1%           43%         2
 Swiftness                Air            2%           43%         2
 Wereblood                Tmut           2%           43%         2
 Portal Projectile        Hex/Tloc       18%          43%         3
 Conjure Flame            Conj/Fire      2%           67%         3
 Gell's Gravitas          Tloc           1%           67%         3
 Ignite Poison            Fire/Tmut/Pois 2%           67%         3
 Lesser Beckoning         Tloc           1%           67%         3
 Mephitic Cloud           Conj/Pois/Air  2%           67%         3
 Spider Form              Tmut/Pois      1%           67%         3
 Stone Arrow              Conj/Erth      4%           67%         3
 Leda's Liquefaction      Hex/Erth       4%           85%         4
 Animate Armour           Summ/Erth      4%           97%         4
 Dispel Undead            Necr           2%           97%         4
 Ice Form                 Ice/Tmut       2%           97%         4
 Manifold Assault         Tloc           2%           97%         4
 Olgreb's Toxic Radiance  Pois           2%           97%         4
 Passage of Golubria      Tloc           N/A          97%         4
 Petrify                  Tmut/Erth      2%           97%         4
 Metabolic Englaciation   Hex/Ice        4%           99%         5
 Yara's Violent Unravell  Hex/Tmut       4%           99%         5
 Agony                    Necr           2%           100%        5
 Alistair's Intoxication  Tmut/Pois      1%           100%        5
 Blade Hands              Tmut           1%           100%        5
 Bolt of Magma            Conj/Fire/Erth 1%           100%        5
 Excruciating Wounds      Necr           1%           100%        5
 Irradiate                Conj/Tmut      1%           100%        5
 Lee's Rapid Deconstruct  Erth           1%           100%        5
 Dispersal                Tloc           1%           100%        6
 Freezing Cloud           Conj/Ice/Air   1%           100%        6
 Hydra Form               Tmut           1%           100%        6
 Invisibility             Hex            15%          100%        6
 Iron Shot                Conj/Erth      1%           100%        6
 Statue Form              Tmut/Erth      1%           100%        6
 Dragon Form              Tmut           1%           100%        7
 Malign Gateway           Summ/Tloc      1%           100%        7
 Disjunction              Tloc           1%           100%        8
 Shatter                  Erth           1%           100%        9


Dungeon Overview and Level Annotations

Branches:
Dungeon (15/15)            Temple (1/1) D:6            Lair (6/6) D:11
 Shoals (4/4) Lair:3        Snake (4/4) Lair:4        Slime (0/5) Lair:5
    Orc (2/2) D:10            Elf (3/3) Orc:2        Vaults (5/5) D:14
  Crypt (0/3) Vaults:2     Depths (1/5) D:15         Bailey (visited)
Gauntlet (visited)

Altars:
Ashenzari
Cheibriados
Dithmenos
Elyvilon
Fedhas
Gozag
Hepliaklqana
Kikubaaqudgha
Makhleb
Nemelex Xobeh
Okawaru
Qazlal
Ru
Sif Muna
Trog
Uskayaw
Vehumet
Wu Jian
Xom
Yredelemnul
Zin
The Shining One
Beogh
Jiyva

Shops:
D:6 [   D:8 *   D:9 ?   Orc:2 ?[[:   Elf:1 [   Elf:2 *=:   Shoals:1 *
Shoals:4 ?   Snake:2 ?=?   Vaults:3 :   Vaults:4 [

Annotations:
D:6 1 exclusion
D:8 exclusion: electric eel
Orc:2 Ocaaf's ghost, adept DsIE
Vaults:4 Mafumol's ghost, adept GrEE


Innate Abilities, Weirdness & Mutations

You are small and have problems with some larger weapons.
You are completely attuned to the shadows.


Message History

The vault guard hits you with a +1 long sword!
The vault guard completely misses you. You block the vault guard's attack.
The vault guard blocks your attack.
The vault guard is almost dead.
You block the crystal guardian's attack.
The vault guard misses you. x2; The vault warden completely misses you.
The vault guard hits you with a +4 great sword!
Aiming: Grand Finale
Press: ? - help, Shift-Dir - straight line, f - deep elf demonologist
Aim: a deep elf demonologist, wielding a +0 long sword and wearing a +0 ring mail The deep elf demonologist explodes violently!
You blow up the deep elf demonologist!
You can no longer merge with and destroy a victim.
You block the white very ugly thing's attack.
You block the vault guard's attack.
The crystal guardian fires a crystalline bolt at you.
The crystal bolt burns the white very ugly thing!!!
The crystal bolt misses you. You block the vault guard's attack.
You block the white very ugly thing's attack.
The vault guard hits you from afar with a +0 glaive!
There is an escape hatch in the ceiling here.
You can't go down here!
The vault guard hits you with a +0 great mace!
The vault guard completely misses you. The white very ugly thing engulfs you!
The white very ugly thing freezes you!!
* * * LOW HITPOINT WARNING * * *
A mysterious force pulls you upwards. The hatch slams shut behind you.
Level annotation: Mafumol's ghost, adept GrEE The vault guard misses you.
You puncture the white very ugly thing!
The white very ugly thing is heavily wounded.
You block the white very ugly thing's attack.
You barely miss the white very ugly thing.
The white very ugly thing is heavily wounded.
The vault guard hits you with a +0 great mace!!
* * * LOW HITPOINT WARNING * * *
The white very ugly thing engulfs you!
* * * LOW HITPOINT WARNING * * *
The white very ugly thing freezes you!!
You die...

.....# #..........#
..)..# ############'##
.....# #........[.).#
'####### #........[...#
..#....###...?..[.....#
.#.#..#.##.....[.<....#
#...##...#......p.....#
#...##...#......u.....#
#...##...#......@.....#
#...##...'............#
#...##...#####'########
.#.#..#.## #......#
..#....## #......#
######## #......#
#......# #......# ###
#......#


You could see a white very ugly thing and a vault guard.

Vanquished Creatures
  Vashnia (Snake:3)
  Nikola (Elf:1)
  A tentacled monstrosity (Vaults:2)
  Rupert (D:15)
  2 deep elf master archers (Elf:3)
  3 deep elf blademasters
  Agnes (Snake:2)
  Polyphemus (Shoals:2)
  Kirke (Snake:2)
  3 fire giants
  2 tengu reavers
  10 nagarajas (Snake:4)
  6 deep elf sorcerers
  Louise (D:15)
  3 deep elf elementalists (Elf:3)
  9 vault wardens
  11 ironheart preservers
  4 very ugly things (Vaults:2)
  5 stone giants
  Nessos (Lair:3)
  Azrael (Snake:2)
  9 deep elf demonologists
  8 deep elf annihilators
  A minotaur (Gauntlet)
  3 merfolk javelineers
  Snorg (Orc:2)
  A dire elephant (Gauntlet)
  4 deep elf death magi
  8 merfolk impalers
  3 deep elf high priests (Elf:3)
  A fire dragon (Lair:6)
  3 great orbs of eyes
  7 yaktaur captains
  A jiangshi (Vaults:2)
  20 naga warriors
  2 ice dragons
  8 boulder beetles
  7 hydras
  A merfolk avatar (Shoals:3)
  A rakshasa (Vaults:2)
  28 vault guards
  4 centaur warriors
  14 anacondas
  A catoblepas (Shoals:1)
  3 alligator snapping turtles
  A death knight (Vaults:2)
  A queen ant (Gauntlet)
  3 satyrs
  10 ogre magi
  30 two-headed ogres
  28 dancing weapons
  3 merfolk aquamancers
  A deep troll shaman (Vaults:1)
  14 naga sharpshooters
  2 tengu warriors (D:13)
  8 death yaks
  A deep troll earth mage (Vaults:1)
  5 shock serpents
  An orc high priest (Elf:1)
  16 deep elf knights
  6 salamander mystics
  5 deep trolls
  A glowing orange brain (Vaults:3)
  5 unseen horrors
  9 sea snakes
  A flayed ghost (Vaults:4)
  A glowing orange brain (shapeshifter) (Vaults:4)
  A lindwurm (Lair:6)
  5 naga ritualists
  10 orc knights
  16 deep elf archers
  A phantasmal warrior (Vaults:4)
  A necromancer (Vaults:2)
  13 ironbrand convokers
  33 harpies
  23 deep elf pyromancers
  A kraken simulacrum (Shoals:4)
  3 wizards
  A wolf spider zombie (D:14)
  32 ugly things
  21 deep elf zephyrmancers
  12 mana vipers
  12 cyclopes
  11 manticores
  A salamander (shapeshifter) (Vaults:1)
  3 orc sorcerers
  10 salamanders
  A wolf spider (shapeshifter) (D:14)
  14 fauns
  An elephant (Gauntlet)
  A guardian serpent (shapeshifter) (Vaults:2)
  7 merfolk sirens
  10 vault sentinels
  28 black mambas
  Maggie (D:6)
  3 gargoyles
  8 guardian serpents
  19 naga magi
  2 centaur skeletons
  3 cane toads
  2 molten gargoyles (Lair:6)
  5 water nymphs
  7 rime drakes
  A minotaur zombie (Gauntlet)
  A rime drake (shapeshifter) (Vaults:1)
  10 komodo dragons
  37 yaktaurs
  2 efreet (D:15)
  A komodo dragon (shapeshifter) (Vaults:2)
  2 trolls
  A harpy zombie (D:15)
  28 merfolk
  3 meliai (D:14)
  5 wind drakes
  A meliai (shapeshifter) (D:14)
  4 hornets
  2 polar bears
  A jumping spider (Lair:4)
  13 blink frogs
  10 slime creatures
  A raiju (Gauntlet)
  2 blink frogs (shapeshifter) (D:13)
  8 snapping turtles
  Sigmund (D:3)
  A redback (Lair:4)
  10 wyverns
  A spriggan (shapeshifter) (Vaults:3)
  A tarantella (shapeshifter) (Vaults:4)
  2 air elementals (Elf:3)
  2 hogs (shapeshifter)
  7 fire elementals
  A wyvern (shapeshifter) (Vaults:4)
  24 yaks
  5 wraiths
  A shadow (D:15)
  8 water elementals
  2 hogs (Snake:2)
  A human (shapeshifter) (D:14)
  A yak (shapeshifter) (Vaults:2)
  8 basilisks
  2 steam dragons (Gauntlet)
  7 vampire mosquitoes
  Menkaure (D:6)
  6 wargs
  39 nagas
  7 soldier ants
  21 water moccasins
  9 hell hounds
  Duvessa (D:5)
  An acid dragon (Vaults:1)
  2 black bears
  A black bear (shapeshifter) (Vaults:2)
  9 sky beasts
  36 orc warriors
  An eye of draining (D:11)
  10 ice beasts
  An eye of draining (shapeshifter) (Vaults:4)
  2 necrophages
  10 centaurs
  45 ogres
  8 boggarts
  7 wolves
  4 kobold brigands
  4 earth elementals
  20 bullfrogs
  Dowan (D:5)
  9 scorpions
  A wyvern skeleton (D:13)
  4 killer bees (D:10)
  2 howler monkeys
  7 wights
  6 electric eels
  4 lava snakes (Lair:6)
  2 centaur zombies
  8 hounds
  3 jellies
  A bullfrog zombie (D:7)
  A bullfrog skeleton (D:8)
  9 orc priests
  Crazy Yiuf (D:5)
  A gnoll shaman (D:4)
  3 iguanas
  24 orc wizards
  12 worker ants
  A bullfrog simulacrum (D:8)
  A hound zombie (D:6)
  2 hound skeletons
  A howler monkey zombie (D:9)
  A killer bee simulacrum (D:8)
  A worker ant zombie (D:6)
  19 adders
  14 gnolls
  A howler monkey skeleton (D:8)
  2 shadow imps
  3 white imps
  A howler monkey simulacrum (D:8)
  A worker ant simulacrum (D:8)
  2 ufetubi
  An ooze (D:4)
  4 adder skeletons
  4 worms
  5 leopard geckos
  88 orcs
  2 giant cockroaches
  12 goblins
  4 hobgoblins
  13 jackals
  25 kobolds
  3 quokkas
  8 ball pythons
  11 bats
  6 frilled lizards
  A leopard gecko zombie (D:8)
  A quokka skeleton (D:7)
  5 rats
  A spectral orc (D:6)
  A butterfly (Lair:5)
1488 creatures vanquished.

Vanquished Creatures (others)
  A deep elf archer (Elf:1)
  2 humans
  An orc (Orc:2)
  14 ball lightnings (Orc:2)
  26 fungi
  93 plants
  4 tentacles (Shoals:4)
  A withered plant (Gauntlet)
142 creatures vanquished.

Grand Total: 1630 creatures vanquished

Notes
Turn   | Place    | Note
-------+----------+-------------------------------------------
     0 | D:1      | Gaff the Kobold Brigand began the quest for the Orb.
     0 | D:1      | Reached XP level 1. HP: 12/12 MP: 1/1
    96 | D:1      | Reached XP level 2. HP: 13/17 MP: 2/2
  1006 | D:2      | Reached XP level 3. HP: 21/21 MP: 3/3
  1565 | D:3      | Reached XP level 4. HP: 26/26 MP: 4/4
  2226 | D:3      | Noticed Sigmund
  2736 | D:3      | Killed Sigmund
  2737 | D:3      | Reached skill level 3 in Dodging
  2737 | D:3      | Reached XP level 5. HP: 31/31 MP: 5/5
  2737 | D:3      | Reached XP level 6. HP: 36/36 MP: 6/6
  2902 | D:3      | Found an ancient bone altar of Kikubaaqudgha.
  2905 | D:3      | Noticed a human
  2908 | D:3      | Killed a human
  3000 | D:4      | Reached skill level 4 in Dodging
  3078 | D:4      | Reached skill level 5 in Short Blades
  3165 | D:4      | Reached XP level 7. HP: 31/40 MP: 7/7
  3357 | D:4      | Identified the ring "Fikhor" {rF++ Int+2 Slay+4}
  3388 | D:4      | Reached skill level 5 in Dodging
  3654 | D:4      | Found a white marble altar of Elyvilon.
  4233 | D:4      | Reached skill level 6 in Dodging
  4236 | D:5      | Entered Level 5 of the Dungeon
  4251 | D:5      | Reached XP level 8. HP: 17/46 MP: 8/8
  4706 | D:5      | Noticed Duvessa
  4707 | D:5      | Noticed Dowan
  4710 | D:5      | Killed Duvessa
  4711 | D:5      | Reached skill level 7 in Dodging
  4729 | D:5      | Killed Dowan
  4824 | D:5      | Reached skill level 8 in Dodging
  4835 | D:5      | Found the +7 Singing Sword {vorpal, sonic wave}
  5425 | D:5      | Found a runed translucent door.
  5428 | D:5      | Noticed Crazy Yiuf
  5433 | D:5      | Killed Crazy Yiuf
  5653 | D:6      | Identified a scroll of acquirement
  5675 | D:6      | Reached skill level 1 in Armour
  5683 | D:6      | Found a basalt altar of Yredelemnul.
  5710 | D:6      | Reached XP level 9. HP: 51/51 MP: 9/9
  5715 | D:6      | Found an ornate altar of the Wu Jian Council.
  5719 | D:6      | Noticed Maggie
  5723 | D:6      | Killed Maggie
  5724 | D:6      | Reached skill level 9 in Dodging
  5875 | D:6      | Found Tajun's Antique Armour Emporium.
  5882 | D:6      | Acquired a scarf of repulsion
  5939 | D:6      | Found a staircase to the Ecumenical Temple.
  5944 | D:6      | Identified the +7 flail "Kysocsuamy" {protect, rN+}
  5962 | D:6      | Noticed Menkaure
  5966 | Temple   | Entered the Ecumenical Temple
  6292 | Temple   | Became a worshipper of Uskayaw the Reveller
  6612 | D:6      | Reached * piety under Uskayaw
  6641 | D:6      | Found an opulent altar of Gozag.
  6875 | D:7      | Found a burning altar of Makhleb.
  6940 | D:7      | Reached ** piety under Uskayaw
  6948 | D:7      | Reached *** piety under Uskayaw
  7085 | D:6      | Found a stormy altar of Qazlal.
  7085 | D:6      | Found a snail-covered altar of Cheibriados.
  7190 | D:7      | Reached skill level 10 in Dodging
  7214 | D:7      | Found an ancient bone altar of Kikubaaqudgha.
  7214 | D:7      | Found a shimmering altar of Xom.
  7214 | D:7      | Found a shadowy altar of Dithmenos.
  7367 | D:7      | Found a shimmering blue altar of Sif Muna.
  7371 | D:7      | Identified Sif Muna's Papyrus of Ghastly Toxins
  7377 | D:7      | Found a bloodstained altar of Trog.
  7383 | D:7      | Reached XP level 10. HP: 49/58 MP: 10/10
  7628 | D:7      | Reached **** piety under Uskayaw
  7682 | D:7      | Found a sparkling altar of Nemelex Xobeh.
  7895 | D:8      | Found Cutext's General Store.
  7898 | D:8      | Found a flagged portal.
  7917 | D:7      | Reached skill level 10 in Short Blades
  8131 | Bailey   | Entered a bailey
  8596 | Bailey   | Noticed an orc knight
  8604 | Bailey   | Acquired a +1 buckler of reflection
  8685 | Bailey   | Reached skill level 5 in Fighting
  8704 | Bailey   | Reached skill level 1 in Evocations
  8706 | Bailey   | Reached ***** piety under Uskayaw
  8714 | Bailey   | Killed an orc knight
  8715 | Bailey   | Reached skill level 5 in Armour
  9275 | D:8      | Reached XP level 11. HP: 52/64 MP: 11/11
  9564 | D:8      | Identified the +2 robe of the Loofah {rPois rF+}
  9684 | D:8      | Noticed a two-headed ogre
  9692 | D:8      | Killed a two-headed ogre
  9693 | D:8      | Reached skill level 5 in Throwing
 10035 | D:8      | Reached skill level 10 in Stealth
 10151 | D:6      | Killed Menkaure
 11221 | D:9      | Reached skill level 1 in Shields
 11723 | D:9      | Found Remas's Magic Scroll Emporium.
 11729 | D:9      | Bought a scroll of fear for 38 gold pieces
 11942 | D:10     | Entered Level 10 of the Dungeon
 12008 | D:10     | Found a staircase to the Orcish Mines.
 12192 | D:10     | Noticed a deep elf pyromancer
 12200 | D:10     | Found the +2 robe of Vines {NoPotionHeal Regen+++}
 12204 | D:10     | Killed a deep elf pyromancer
 12206 | D:10     | Noticed a two-headed ogre
 12213 | D:10     | Killed a two-headed ogre
 12214 | D:10     | Reached skill level 11 in Dodging
 12737 | D:10     | Found a portal to a secret trove of treasure.
 12747 | D:10     | Reached XP level 12. HP: 70/70 MP: 12/12
 12766 | D:10     | Noticed a two-headed ogre
 12787 | D:10     | Killed a two-headed ogre
 13162 | Orc:1    | Entered Level 1 of the Orcish Mines
 13787 | D:11     | Found a staircase to the Lair.
 13821 | D:11     | Killed an unseen horror
 13833 | D:11     | Reached skill level 12 in Dodging
 13836 | Lair:1   | Entered Level 1 of the Lair of Beasts
 13910 | D:11     | Noticed a two-headed ogre
 13926 | D:11     | Killed a two-headed ogre
 14994 | Lair:1   | Reached skill level 5 in Shields
 15127 | Lair:1   | Noticed a seven-headed hydra
 15288 | Lair:2   | Identified the ring "Huhus" {rPois rF+}
 15374 | Lair:2   | Reached XP level 13. HP: 79/79 MP: 13/13
 16494 | Lair:3   | Reached skill level 13 in Dodging
 16569 | Lair:3   | Noticed an eight-headed hydra
 16571 | Lair:3   | Found a staircase to the Shoals.
 16577 | Shoals:1 | Entered Level 1 of the Shoals
 16608 | Lair:3   | Found a gate leading to a gauntlet.
 16614 | Gauntlet | Entered a Gauntlet
 16844 | Gauntlet | Found a transporter.
 16844 | Gauntlet | Found a transporter.
 16849 | Gauntlet | Noticed a death ooze
 16852 | Gauntlet | Found a large runed translucent door.
 16852 | Gauntlet | Found a large runed translucent door.
 16854 | Gauntlet | Found a transporter.
 16854 | Gauntlet | Found a transporter.
 16856 | Gauntlet | Found a large runed translucent door.
 16856 | Gauntlet | Found a large runed translucent door.
 16857 | Gauntlet | Found a large runed translucent door.
 16858 | Gauntlet | Found a large runed translucent door.
 16859 | Gauntlet | Found a large runed translucent door.
 16859 | Gauntlet | Found a large runed translucent door.
 16860 | Gauntlet | Noticed a hell beast
 16862 | Gauntlet | Noticed a dire elephant
 16873 | Gauntlet | Found a transporter.
 16910 | Gauntlet | Found a transporter.
 16927 | Gauntlet | Found a transporter.
 16936 | Gauntlet | Found a transporter.
 16956 | Gauntlet | Found a transporter.
 16997 | Gauntlet | Reached skill level 10 in Fighting
 17009 | Gauntlet | Identified the Handbook of the Mountains
 17019 | Gauntlet | Found a large runed translucent door.
 17019 | Gauntlet | Found a large runed translucent door.
 17020 | Gauntlet | Found a runed translucent door.
 17020 | Gauntlet | Found a runed translucent door.
 17020 | Gauntlet | Found a large runed translucent door.
 17020 | Gauntlet | Found a large runed translucent door.
 17021 | Gauntlet | Found a large runed translucent door.
 17021 | Gauntlet | Found a large runed translucent door.
 17022 | Gauntlet | Found a large runed translucent door.
 17024 | Gauntlet | Found a runed translucent gate.
 17024 | Gauntlet | Found a runed translucent gate.
 17024 | Gauntlet | Found a runed translucent gate.
 17026 | Gauntlet | Found a transporter.
 17027 | Gauntlet | Found a large runed translucent door.
 17048 | Gauntlet | Identified the +0 cloak of Hadjma {rN+ Regen+ Str+4 Int-5}
 17071 | Gauntlet | Killed a dire elephant
 17305 | Gauntlet | Noticed a minotaur
 17306 | Gauntlet | Found the +4 skin of Zhor {Englaciate rC+++ SInv}
 17324 | Gauntlet | Killed a minotaur
 17387 | Gauntlet | Reached skill level 14 in Dodging
 17508 | Lair:3   | Reached ****** piety under Uskayaw
 17664 | Lair:3   | Killed an eight-headed hydra
 17813 | Lair:3   | Noticed a four-headed hydra
 18215 | Lair:4   | Found a runed translucent door.
 18217 | Lair:4   | Noticed Nessos
 18239 | Lair:3   | Killed Nessos
 18295 | Lair:4   | Reached XP level 14. HP: 90/90 MP: 14/14
 18308 | Lair:4   | Found a staircase to the Snake Pit.
 18334 | Lair:4   | Reached skill level 15 in Dodging
 18523 | Lair:4   | You fall into a shaft and drop 2 floors!
 18523 | Lair:6   | Entered Level 6 of the Lair of Beasts
 18656 | Lair:6   | Found a large runed translucent door.
 18656 | Lair:6   | Found a large runed translucent door.
 18917 | Lair:6   | Reached skill level 16 in Dodging
 19566 | Lair:6   | Identified the +8 dagger of Keggethrahor {antimagic, rF+}
 19911 | Lair:5   | Found a staircase to the Slime Pits.
 19911 | Lair:5   | Found a viscous altar of Jiyva.
 19966 | Lair:4   | Identified the +6 whip of Rutruut {vorpal, +Fly SInv}
 20038 | Lair:4   | Reached skill level 1 in Invocations
 20654 | Snake:1  | Entered Level 1 of the Snake Pit
 21155 | Snake:1  | Reached XP level 15. HP: 98/98 MP: 17/17
 21478 | Snake:1  | Reached skill level 17 in Dodging
 22884 | Orc:1    | Found a roughly hewn altar of Beogh.
 23232 | Orc:2    | Entered Level 2 of the Orcish Mines
 23345 | Orc:2    | Noticed Snorg
 23371 | Orc:2    | Killed Snorg
 23447 | Orc:2    | Reached skill level 5 in Invocations
 23464 | Orc:2    | Found a staircase to the Elven Halls.
 23561 | Orc:2    | Found Toc Siziecumm's Book Emporium.
 23561 | Orc:2    | Found Ahaenoj's Antique Armour Boutique.
 23592 | Orc:2    | Found Juitziaf's Magic Scroll Shoppe.
 23592 | Orc:2    | Found Riazeily's Armour Boutique.
 23678 | Orc:2    | Reached skill level 18 in Dodging
 23802 | Orc:2    | Bought a fine leather armour for 168 gold pieces
 23802 | Orc:2    | Identified the +1 leather armour "Ulivos" {*Contam Harm
                  | +Fly SInv} (You bought it in a shop on level 2 of the
                  | Orcish Mines)
 24134 | Elf:1    | Entered Level 1 of the Elven Halls
 24404 | D:10     | You paid a toll of 4 scrolls of fear to enter a treasure
                  | trove
 24405 | Trove    | Entered a treasure trove
 24410 | Trove    | Found the +2 cloak of the Thief {*Fog Slay-2 SInv Stlth+}
 24416 | Trove    | Identified the +0 helmet of the Good {Will++ Int+4}
 24418 | Trove    | Identified the +1 kite shield of the Fife {*Slow rPois rC+
                  | Stlth+}
 24422 | Trove    | Identified the +0 pair of gloves of Picyexta {rPois Regen+
                  | Str-3 Stlth+}
 24423 | Trove    | Identified the -3 pair of boots of Gozag's Wrath {Dex+4}
 24424 | Trove    | Identified the +2 ring mail "Tucuc" {-Tele rPois rF+ Will+}
 24426 | Trove    | Identified the +2 pair of boots of Rehaw {Rampage rElec rC-
                  | Dex+3}
 24428 | Trove    | Identified the +3 buckler "Zita" {Dex+2}
 24778 | D:12     | Reached XP level 16. HP: 106/106 MP: 20/20
 26852 | D:14     | Found a gate to the Vaults.
 27303 | D:15     | Entered Level 15 of the Dungeon
 27401 | D:15     | Noticed a fire giant
 27440 | D:15     | Killed a fire giant
 27495 | D:15     | Found a staircase to the Depths.
 27569 | D:15     | Reached skill level 19 in Dodging
 27933 | D:15     | Noticed Rupert
 27956 | D:15     | Killed Rupert
 27969 | D:15     | Noticed Louise
 27972 | D:15     | Killed Louise
 27973 | D:15     | Reached skill level 15 in Fighting
 28454 | Depths:1 | Entered Level 1 of the Depths
 28932 | Orc:2    | Reached XP level 17. HP: 111/113 MP: 8/24
 28973 | Elf:1    | Found a runed translucent gate.
 28973 | Elf:1    | Found a runed translucent gate.
 28975 | Elf:1    | Found a runed translucent gate.
 29004 | Elf:1    | Found Ziomug's Armour Emporium.
 29020 | Elf:1    | Bought a scarf of invisibility for 168 gold pieces
 29192 | Elf:1    | Reached skill level 10 in Invocations
 29690 | Elf:1    | Paralysed by an orc sorcerer for 4 turns
 29935 | Elf:1    | Noticed Nikola
 30005 | Elf:1    | Killed Nikola
 30237 | Elf:1    | Noticed Ocaaf's ghost (adept DsIE)
 30827 | Elf:1    | Identified the +2 hat of Kilube {*Corrode rPois Dex+2}
 31087 | Elf:2    | Found Nuvu Kuu's Book Shoppe.
 31130 | Elf:2    | Found a runed translucent gate.
 31130 | Elf:2    | Found a runed translucent gate.
 31130 | Elf:2    | Found a runed translucent gate.
 31146 | Elf:2    | Reached skill level 20 in Dodging
 31304 | Elf:2    | Found Ogaluj's Jewellery Shoppe.
 31331 | Elf:2    | Found Budusa's General Store.
 31714 | Elf:2    | Reached XP level 18. HP: 120/120 MP: 25/25
 31949 | Elf:2    | Noticed a deep elf blademaster
 31952 | Elf:2    | Killed a deep elf blademaster
 32128 | Elf:3    | Entered Level 3 of the Elven Halls
 32833 | Elf:3    | Noticed a deep elf master archer
 32838 | Elf:3    | Noticed a deep elf blademaster
 32839 | Elf:3    | Killed a deep elf master archer
 32855 | Elf:3    | Noticed a deep elf blademaster
 32862 | Elf:3    | Killed a deep elf blademaster
 32878 | Elf:3    | Noticed a deep elf master archer
 32878 | Elf:3    | Killed a deep elf blademaster
 32882 | Elf:3    | Killed a deep elf master archer
 32924 | Elf:3    | Noticed a Tzitzimitl
 32936 | Elf:3    | Noticed a Brimstone Fiend
 32937 | Elf:3    | Noticed a Brimstone Fiend
 33034 | Elf:3    | Noticed an Executioner
 33058 | Elf:3    | Upgraded the game from 0.27-a0-445-gbe96e517c0 to
                  | 0.27-a0-457-gba82baf56e
 33097 | Elf:3    | Reached XP level 19. HP: 109/130 MP: 26/26
 33129 | Elf:3    | Identified the +6 battleaxe of Responsibility {flame, rPois
                  | MP+9 Dex+2 Stlth+}
 33255 | Elf:3    | Identified the +12 long sword of Recklessness {antimagic,
                  | rF+ rC+ Str+3}
 33382 | Elf:3    | Identified the +2 fustibalus "Waqosim" {venom, rElec rPois
                  | rC+}
 33399 | Elf:3    | Identified the +7 morningstar of Uschie {elec, +Inv rPois}
 33407 | Elf:3    | Reached skill level 21 in Dodging
 33443 | Elf:3    | Identified the +5 whip of Kobluh {antimagic, rPois rC+
                  | rN+++ MP-9}
 33457 | Elf:3    | Identified Tapriuni's Catalogue of Unstable Toxins
 33713 | Elf:3    | Identified the +1 ring mail of Bedazzling Music {rCorr
                  | Dex+4}
 34829 | Shoals:1 | Found Bbohiag's Bounteous Boutique.
 35005 | Shoals:2 | Noticed Polyphemus
 35009 | Shoals:2 | Killed Polyphemus
 37065 | Shoals:3 | Identified the +6 chain mail of Depression {Harm Int+4}
 37559 | Shoals:4 | Entered Level 4 of the Shoals
 37674 | Shoals:4 | Reached XP level 20. HP: 97/137 MP: 28/28
 38144 | Shoals:4 | Got a barnacled rune of Zot
 38299 | Shoals:4 | Reached skill level 5 in Evocations
 38364 | Shoals:4 | Identified the +1 ring mail of the Northern Lights {+Fly
                  | rC+ Int+2}
 38604 | Shoals:4 | Found Kowoupt's Magic Scroll Emporium.
 38611 | Shoals:4 | Bought a scroll of fog for 38 gold pieces
 38611 | Shoals:4 | Bought a scroll of brand weapon for 380 gold pieces
 38916 | Lair:4   | Acquired the ring of Tiaseag {+Inv rElec rPois Str+6
                  | Slay-6}
 39765 | Snake:2  | Noticed Kirke
 39769 | Snake:2  | Killed Kirke
 39770 | Snake:2  | Reached skill level 10 in Throwing
 39905 | Snake:2  | Noticed Azrael
 39927 | Snake:2  | Killed Azrael
 40643 | Snake:2  | Found Voeginik's Magic Scroll Shop.
 40644 | Snake:2  | Found Ledamed's Jewellery Boutique.
 40645 | Snake:2  | Found Rofud's Magic Scroll Shop.
 41159 | Snake:3  | Noticed Agnes
 41188 | Snake:2  | Killed Agnes
 41274 | Snake:3  | Noticed Vashnia
 41568 | Snake:3  | Killed Vashnia
 42034 | Snake:4  | Entered Level 4 of the Snake Pit
 42294 | Snake:4  | Reached XP level 21. HP: 144/144 MP: 30/30
 42783 | Snake:4  | Reached skill level 22 in Dodging
 43151 | Snake:4  | Got a serpentine rune of Zot
 43881 | Vaults:1 | Entered Level 1 of the Vaults
 43896 | Vaults:1 | Reached skill level 15 in Stealth
 44538 | Vaults:1 | Reached XP level 22. HP: 150/150 MP: 28/31
 45950 | Vaults:2 | Identified the amulet "Xezuh" {Reflect +Inv Int+3 Dex-3
                  | SH+5}
 47841 | Vaults:3 | Reached XP level 23. HP: 156/156 MP: 33/33
 48113 | Vaults:3 | Found Lohestreg's Book Shoppe.
 48116 | Vaults:3 | Bought a book of Misfortune for 320 gold pieces
 48122 | Vaults:3 | Learned a level 3 spell: Confusing Touch
 48344 | Vaults:4 | Identified the amulet of the Median {Faith rF+ Will+ Str+2
                  | Dex-2}
 48406 | Vaults:4 | Reached skill level 1 in Spellcasting
 48421 | Vaults:4 | Reached skill level 1 in Hexes
 48987 | Vaults:4 | Found a runed translucent door.
 49309 | Vaults:4 | Found Sivithril's Armour Emporium.
 49606 | Vaults:4 | Noticed Mafumol's ghost (adept GrEE)
 49714 | Vaults:5 | Entered Level 5 of the Vaults
 49720 | Vaults:5 | Reached skill level 10 in Armour
 49720 | Vaults:5 | Reached skill level 23 in Dodging
 49754 | Vaults:4 | Slain by a white very ugly thing

Illustrated notes

Levels and vault maps discovered:
D:1:      kennysheep_arrival_seaside, layout_basic, minmay_distorted
D:2:      layout_loops_cross
D:3:      layout_loops_ring, tgw_kikubaaqudgha, uniq_sigmund
D:4:      layout_basic, general_overflow_altar, serial_bayou,
          serial_bayou_lagoon_a, serial_bayou_shore_a, serial_bayou_pond_d,
          serial_bayou_pond_a, serial_bayou_pond_d, serial_bayou_lake_a,
          st_stairs_6
D:5:      old_forge, layout_basic, minmay_misc_feat_roman,
          minmay_misc_feat_four_crosses, uniq_crazy_yiuf_cottage, uniq_duvessa
D:6:      cheibrodos_two_vegetables, layout_basic,
          nicolae_overflow_hidden_temple, grunt_gozag_breadcrumbs,
          yredelemnul_forgotten_temple_becter, minmay_temple_entry_grid,
          serial_shops, shop, minmay_misc_feat_tower, uniq_maggie, uniq_menkaure
D:7:      layout_loops_cross, nzn_overflow_gifts_of_might_and_magic,
          lemuel_round_altar, gammafunk_temple_overflow_claw,
          nicolae_overflow_crystal_walls
D:8:      layout_basic, serial_shops, shop, enter_bailey_3, serial_ice,
          serial_ice_a, serial_ice_l, serial_ice_h, serial_ice_e, serial_ice_b,
          serial_ice_g, serial_ice_o, minmay_diced_spiral
D:9:      layout_stronghold, serial_shops, nicolae_shop_stone
D:10:     layout_irregular_city, david_orc_2, enter_trove_2,
          hangedman_abyss_or_decor_jellyfish_corner,
          minmay_mirror_moons_of_madness
D:11:     layout_basic, lair_entry_dummy
D:12:     layout_roguey
D:13:     layout_irregular_city, kennysheep_flooded_box
D:14:     layout_grid_maze, david_vaults_2, minmay_misc_feat_enclosed
D:15:     grunt_enter_depths_snipers, layout_long_grid,
          hangedman_abyss_or_decor_stabs, corner_web_ring, minmay_between,
          uniq_louise, uniq_rupert
Temple:   kb_temple_of_zot
Lair:1:   layout_roguey
Lair:2:   layout_regular_city
Lair:3:   layout_hall_layers, minmay_shoals_entry_hut, gauntlet_entry_generic,
          grunt_megastairs_1
Lair:4:   gammafunk_indiana_jones, layout_regular_city,
          minmay_snake_entry_six_corridors, minmay_stone_trees_small,
          uniq_nessos
Lair:5:   layout_regular_city, slime_altar_1, lemuel_centaur_altar,
          serial_bayou_shore_b, lemuel_fruit_fields
Lair:6:   cheibrodos_lair_end_hotspot, layout_loops_ring
Shoals:1: layout_shoals, nicolae_alphabet_shops, st_cyclops
Shoals:2: layout_shoals, nicolae_shoals_wave_tunnel, uniq_polyphemus
Shoals:3: layout_shoals, nicolae_shoals_so_close
Shoals:4: shoals_end_grunt_ice, layout_shoals, serial_shops, shop
Snake:1:  layout_layer_cave
Snake:2:  layout_layer_cave, nicolae_coiled_stairwell_down, minmay_shop_star,
          serial_bayou_shore_b, uniq_azrael, uniq_kirke
Snake:3:  layout_rooms, uniq_agnes, uniq_vashnia
Snake:4:  johnstein_snake_rune_scales, layout_cave_town
Orc:1:    layout_diamond_mine, basic_altar, nooodl_orcs_dogs
Orc:2:    st_orc_ogre_mass, layout_caves, uniq_snorg
Elf:1:    layout_geoelf_diagonals, serial_shops, nicolae_shop_statue_plus,
          gammafunk_ghost_tricky_traps, evilmike_minifort, uniq_nikola
Elf:2:    layout_gridlike, serial_shops, nicolae_shop_trees, nicolae_shop_stone,
          shop
Elf:3:    elf_hall, layout_gridlike, chequers_big_river
Vaults:1: vaults_room_stairs_pillars, ontoclasm_vaults_ring_square,
          nicolae_vaults_three_branches, hangedman_vaults_nails,
          ontoclasm_vaults_ligature, v_misc_16, ontoclasm_vaults_chip,
          vaults_room_grunt_arrival_ludios, layout_vaults_chaotic_city
Vaults:2: nicolae_vaults_rhombus_5, v_misc_10, ontoclasm_vaults_ring_square,
          nicolae_vaults_gold_heap, v_misc_26, ontoclasm_vaults_gallery,
          v_misc_31, ontoclasm_vaults_loading_screen,
          nicolae_vaults_ring_of_whatevers, nicolae_vaults_network_barrier,
          minmay_crypt_entry_simple_corners, layout_vaults_omnicross,
          serial_glass
Vaults:3: hangedman_vaults_capsules, nicolae_vaults_little_ls, v_misc_2,
          ontoclasm_vaults_twist, v_misc_4, vaults_dpeg_hooks,
          layout_vaults_omnigrid, serial_shops, nicolae_shop_behind_doors
Vaults:4: ebering_vaults_ghost_reflecting_pool, vaults_mumra_minichess,
          ontoclasm_vaults_ring_large, hangedman_vaults_variations,
          hangedman_vaults_trim, nicolae_vaults_theta, grunt_vaults_trifunnel,
          hangedman_vaults_pinch, vaults_mumra_lcd,
          vaults_room_hangedman_quadrants, nicolae_vaults_rhombus_7,
          grunt_vaults_hallway_short, layout_vaults_omnibox, serial_shops,
          nicolae_shop_temple_entry_statues_fountains
Vaults:5
Depths:1: layout_twisted_cross, pan_entry, grunt_hell_entry_dis_grunt,
          roderic_lattice_octagonal_star, hangedman_decor_slide_cut,
          nrook_kobold_shadow_demons, minmay_shoptagon

Skill      XL: |  1  2  3  4  5  6  7  8  9 10 11 12 13 14 15 16 17 18 19 20 21 22 23 |
---------------+----------------------------------------------------------------------+-----
Stealth        | 6 7 8 11 12 14 15 16 17 | 17.0
Short Blades   | 3 4 5 6 7 9 10 13 14 | 14.2
Dodging        | 3 4 6 8 10 11 12 14 16 18 19 20 21 22 23 | 23.0
Fighting       | 3 4 5 6 8 11 13 14 15 16 18 19 20 | 20.4
Armour         | 1 3 5 6 7 8 9 10 | 10.0
Evocations     | 2 3 4 6 |  6.0
Throwing       | 4 5 6 7 9 10 11 12 13 | 13.2
Shields        | 2 5 |  5.6
Invocations    | 3 6 9 10 11 12 13 14 | 14.5
Spellcasting   | 3 |  3.1
Hexes          | 3 |  3.2

Action                   |  1- 3 |  4- 6 |  7- 9 | 10-12 | 13-15 | 16-18 | 19-21 | 22-24 || total
-------------------------+-------+-------+-------+-------+-------+-------+-------+-------++-------
Melee: Dagger            |    49 |   128 |   262 |   516 |   968 |   718 |       |       ||  2641
       Short sword       |       |       |       |    63 |    11 |       |       |       ||    74
       Rapier            |       |       |       |       |       |   473 |  1267 |   599 ||  2339
Throw: Boomerang         |       |       |       |    35 |    31 |       |       |       ||    66
 Cast: Confusing Touch   |       |       |       |       |       |       |       |     1 ||     1
Invok: Stomp             |       |       |       |     3 |    18 |    16 |    27 |    12 ||    76
       Line Pass         |       |       |       |     3 |     4 |       |       |       ||     7
       Grand Finale      |       |       |       |       |     1 |     1 |     4 |     2 ||     8
 Abil: Evoke Flight      |       |       |       |       |       |       |     6 |       ||     6
Evoke: Wand              |       |       |     3 |    10 |     7 |     4 |       |       ||    24
       Lightning rod     |       |       |       |       |       |       |     2 |       ||     2
  Use: Scroll            |       |       |    16 |     9 |    10 |     6 |     6 |     1 ||    48
       Potion            |       |       |       |     2 |     4 |     2 |     2 |       ||    10
 Stab: Sleeping          |    16 |    14 |    33 |    42 |    55 |    98 |   101 |    69 ||   428
       Distracted        |       |     1 |       |     9 |     5 |     9 |    12 |     3 ||    39
       Paralysed         |       |       |     2 |    21 |    41 |    44 |    88 |    70 ||   266
       Confused          |       |       |       |     1 |       |       |       |       ||     1
Armor: Robe              |     7 |    20 |    10 |       |       |       |       |       ||    37
       Ring mail         |       |       |    20 |    71 |    99 |    94 |    52 |    16 ||   352
Dodge: Dodged            |    19 |    71 |   129 |   284 |   613 |   466 |   654 |   241 ||  2477
       Repelled          |       |       |       |     3 |     1 |       |       |       ||     4
Block: Buckler           |       |       |       |    88 |   506 |   505 |   624 |   238 ||  1961
       Reflection        |       |       |       |     6 |    25 |    34 |    74 |     6 ||   145

Table legend: (Time is in decaauts)
 A = Elapsed time spent in this place.
 B = Non-inter-level travel time spent in this place.
 C = Inter-level travel time spent in this place.
 D = Time resting spent in this place.
 E = Time spent auto-exploring this place.
 F = Levels seen in this place.
 G = Mean time per level.
                   A        B        C        D        E       F      G
               +--------+--------+--------+--------+--------+-----+--------+
         Total |  48022 |  45210 |   2812 |   3894 |  26446 |  44 | 1091.4 |
       Dungeon |  17782 |  16677 |   1105 |   1768 |  10546 |  15 | 1185.5 |
        Temple |    357 |    329 |     28 |    145 |    155 |   1 |  357.0 |
          Lair |   6001 |   5454 |    547 |    576 |   3030 |   6 | 1000.2 |
        Shoals |   4218 |   4037 |    181 |     57 |   2559 |   4 | 1054.5 |
     Snake Pit |   5249 |   4983 |    266 |    256 |   3391 |   4 | 1312.2 |
  Orcish Mines |   2099 |   1868 |    231 |     90 |    934 |   2 | 1049.5 |
   Elven Halls |   5058 |   4721 |    337 |    251 |   1742 |   3 | 1686.0 |
        Vaults |   5523 |   5408 |    115 |    136 |   4020 |   5 | 1104.6 |
        Depths |     20 |     20 |      0 |      0 |      0 |   1 |   20.0 |
         Trove |    181 |    181 |      0 |      0 |      0 |   1 |  181.0 |
        Bailey |    749 |    749 |      0 |    207 |     66 |   1 |  749.0 |
      Gauntlet |    780 |    780 |      0 |    407 |      0 |   1 |  780.0 |
               +--------+--------+--------+--------+--------+-----+--------+

Top non-repeatable levels by time:
   Elf:3: 2146 daAuts
   Elf:1: 1758 daAuts
 Snake:2: 1699 daAuts
     D:4: 1696 daAuts
    D:10: 1668 daAuts
 Snake:1: 1603 daAuts
     D:7: 1492 daAuts
    D:11: 1478 daAuts
  Lair:4: 1468 daAuts
Vaults:1: 1428 daAuts
     D:3: 1393 daAuts
Vaults:3: 1376 daAuts
Vaults:4: 1351 daAuts
Vaults:2: 1345 daAuts
    D:14: 1293 daAuts
